Description

fast cc against z easy way to get ahead

Replay - Reynor v uThermaL: Game 2 - Cerulean Fall LE

Build Order

Get SALT Encoding   

  12  0:01  SCV  
  13  0:13  SCV  
  14  0:17  Supply Depot  
  14  0:25  SCV  
  15  0:38  SCV  
  15  0:40  Barracks  
  16  0:44  Refinery  
  16  0:50  SCV  
  17  1:03  SCV  
  18  1:15  SCV  
  19  1:27  Orbital Command  
  19  1:28  Reaper  
  20  1:39  Command Center  
  20  1:49  Supply Depot  
  20  1:52  SCV  
  21  1:59  Marine  
  22  2:04  SCV  
  22  2:08  Factory  
  23  2:16  SCV  
  25  2:24  Barracks Reactor  
  25  2:38  Command Center  
  26  2:52  Orbital Command  
  27  2:59  Starport  
  28  3:06  Hellion x2  
  32  3:13  Barracks Tech Lab  
  34  3:22  Refinery  
  34  3:28  Hellion x2  
  40  3:47  Banshee  
  45  3:49  Orbital Command  
  45  3:52  Hellion x2  
  49  3:57  Barracks Tech Lab  
  51  4:10  Supply Depot  
  51  4:15  Marine  
  51  4:16  Stimpack  
  55  4:25  Factory Reactor  
  55  4:26  Barracks  
  57  4:33  Marine, Barracks  
  59  4:40  Supply Depot  
  59  4:42  Starport Reactor  
  61  4:50  Engineering Bay x2  
  61  4:51  Marine  
  65  5:01  Refinery x2  
  65  5:05  Supply Depot  
  68  5:08  Marine  
  69  5:15  Marine x2, Siege Tank  
  75  5:26  Orbital Command, Marine x3, Terran Infantry Weapons Level 1  
  75  5:27  Terran Infantry Armor Level 1  
  82  5:41  Medivac x2  
  89  6:10  Barracks x2  
  92  6:13  Medivac x2  
  101  6:21  Combat Shield  
  102  6:26  Siege Tank  
  102  6:27  Refinery x2  
  111  6:41  Armory  
  114  6:48  Medivac  
  119  6:58  Siege Tank  
  119  7:00  Barracks Reactor x2  
  125  7:10  Factory  
  125  7:15  Medivac  
  135  7:34  Medivac  
  141  7:47  Medivac  
  141  7:52  Siege Tank  
  144  8:04  Medivac  
  131  8:08  Terran Infantry Weapons Level 2  
  131  8:11  Command Center  
  132  8:12  Terran Infantry Armor Level 2  
  132  8:16  Factory Tech Lab  
  137  8:22  Terran Vehicle Weapons Level 1  
  137  8:24  Siege Tank  
  145  8:37  Siege Tank  
  149  8:43  Medivac  
  154  8:59  Siege Tank  
  160  9:11  Siege Tank  
  164  9:18  Barracks x3  
  169  9:37  Sensor Tower  
  173  9:51  Siege Tank x2  
  180  9:55  Planetary Fortress  
Spawning Tool Build Advisor. Get it on Overwolf

Go to:

Details

  • Created by: mlam91
  • Published on: Nov 19, 2018
  • Modified on: Nov 19, 2018
  • Patch: 4.0.0
Show
View Real Time Build Order
Export as new Build Order

Comments (0)

There are no comments. Be the first!

Create an account to comment!